 Dungeon Crawl Stone Soup version 0.29-a0-823-gc37b1572da (webtiles) character file.

Game seed: 1065161295660469559

433599 buhh the Black Belt (level 23, -12/226 HPs)
             Began as an Octopode Transmuter on July 9, 2022.
             Was a High Priest of Cheibriados.
             Mangled by a yellow draconian monk (13 damage)
             ... on level 3 of the Realm of Zot.
             The game lasted 01:35:11 (73304 turns).

buhh the Black Belt (Octopode Transmuter)          Turns: 73304, Time: 01:35:12

Health: -12/226    AC:  6    Str: 28      XL:     23   Next: 62%
Magic:  11/32      EV: 30    Int: 35 (54) God:    Cheibriados [*****.]
Gold:   3449       SH: 22    Dex: 30      Spells: 6/26 levels left

rFire   + . .      SeeInvis +     - Unarmed
rCold   + . .      Faith    .   h - +2 kite shield {reflect}
rNeg    + + .      Spirit   .   (helmet restricted)
rPois   ∞          Reflect  +   T - amulet of reflection
rElec   +          Harm     .   e - ring of Xom's Malicious Joy {rF+ rCorr}
rCorr   +          Rampage  .   E - ring of protection from fire
Will    ++++.                   U - ring of ice
Stlth   ++++......              C - +6 ring of strength
HPRegen 0.47/turn               q - +6 ring of intelligence
MPRegen 0.23/turn               L - ring of willpower
                                P - ring "Boeqatek" {rN+ Dex+6}
                                V - ring of Rasocem {*Slow rPois Will++ Int+10 Stlth-}

@: statue-form, corroded, studying Ranged Weapons, invisible, very slow
A: slow and powerful, torment resistance 1, boosted hp, almost no armour,
amphibious, 8 rings, camouflage 1, (gelatinous body 1), (nimble swimmer 1),
tentacles, see invisible, mutation resistance 1
}: 3/15 runes: decaying, serpentine, slimy
a: End Transformation, Renounce Religion, Bend Time, Temporal Distortion,
Slouch, Step From Time


You were on level 3 of the Realm of Zot.
You worshipped Cheibriados.
Cheibriados was extremely pleased with you.
You were a living statue of rough stone.
You visited 11 branches of the dungeon, and saw 48 of its levels.
You visited the Abyss 1 time.
You also visited: Desolation.

You collected 5242 gold pieces.
You spent 1793 gold pieces at shops.

Inventory:

Armour
 h - a +2 kite shield of reflection (worn)
 y - the +10 tower shield of Ignorance {rN+ Int-4}
   (You found it on level 8 of the Dungeon)

   Int:       It affects your intelligence (-4).
   rN:        It protects you from negative energy.
Jewellery
 e - the ring of Xom's Malicious Joy (left tentacle) {rF+ rCorr}
   (You found it in the Desolation of Salt)

   [ring of resist corrosion]

   rF:        It protects you from fire.
   rCorr:     It protects you from acid and corrosion.
 k - the ring of the Scorching Enemy {rF+ rN+ Dex+6}
   (You took it off a ragged hierophant in the Desolation of Salt)

   [ring of protection from fire]

   Dex:       It affects your dexterity (+6).
   rF:        It protects you from fire.
   rN:        It protects you from negative energy.
 q - a +6 ring of intelligence (on tentacle)
 s - a ring of magical power
 C - a +6 ring of strength (on tentacle)
 E - a ring of protection from fire (right tentacle)
 L - a ring of willpower (on tentacle)
 P - the ring "Boeqatek" (on tentacle) {rN+ Dex+6}
   (You found it on level 11 of the Dungeon)

   [ring of positive energy]

   Dex:       It affects your dexterity (+6).
   rN:        It protects you from negative energy.
 Q - an amulet of magic regeneration
 R - an amulet of guardian spirit
 T - an amulet of reflection (around mantle)
 U - a ring of ice (on tentacle)
 V - the ring of Rasocem (on tentacle) {*Slow rPois Will++ Int+10 Stlth-}
   (You found it on level 5 of the Pits of Slime)

   [ring of poison resistance]

   Int:       It affects your intelligence (+10).
   rPois:     It protects you from poison.
   *Slow:     It may slow you when you take damage.
   Will:      It greatly increases your willpower.
   Stlth:     It makes you less stealthy.
Wands
 m - a wand of flame (99)
 r - a wand of quicksilver (12)
 w - a wand of iceblast (52)
 H - a wand of charming (9)
 S - a wand of mindburst (5)
 Y - a wand of digging (21)
Scrolls
 d - 11 scrolls of teleportation {!d}
 g - 27 scrolls of identify {!d}
 l - 10 scrolls of enchant armour
 o - a scroll of silence {!r}
 p - 8 scrolls of amnesia
 u - 2 scrolls of poison
 v - a scroll of fear {!r}
 B - 8 scrolls of enchant weapon
 D - 8 scrolls of vulnerability
 F - 5 scrolls of noise
 M - 5 scrolls of brand weapon
 O - a scroll of fog
 W - a scroll of magic mapping {!r!d}
 X - 2 scrolls of summoning
Potions
 a - 6 potions of degeneration
 c - 10 potions of brilliance {!q!d}
 f - 8 potions of mutation {!d}
 i - 8 potions of attraction
 j - 22 potions of curing {!q!d}
 n - 6 potions of cancellation {!q!d}
 t - 3 potions of magic {!q!d}
 x - 4 potions of resistance {!q!d}
 A - 10 potions of flight
 G - 3 potions of invisibility {!q!d}
 J - 5 potions of berserk rage {!q}
 K - 5 potions of lignification {!d}
 N - 5 potions of might
Miscellaneous
 z - a phial of floods
 I - a box of beasts
 Z - a phantom mirror


   Skills:
 - Level 19.3 Fighting
 - Level 17.1 Dodging
 - Level 5.0 Stealth
 * Level 12.3 Shields
 - Level 19.3 Unarmed Combat
 - Level 2.0 Spellcasting
 - Level 18.5 Transmutations
 - Level 5.0 Ice Magic
 - Level 1.4 Air Magic
 * Level 12.3 Earth Magic
 - Level 2.0 Poison Magic
 - Level 13.0 Invocations


You had 6 spell levels left.
You knew the following spells:

 Your Spells              Type           Power      Damage    Failure   Level
a - Dragon Form           Tmut           46%        N/A       4%          7
b - Wereblood             Tmut           93%        N/A       0%          2
c - Irradiate             Conj/Tmut      31%        3d23      7%          5
d - Statue Form           Tmut/Erth      56%        N/A       3%          6

Your spell library contained the following spells:

 Spells                   Type           Power      Damage    Failure   Level
 Beastly Appendage        Tmut           100%       N/A       0%          1
 Passwall                 Tmut/Erth      70%        N/A       1%          2
 Spider Form              Tmut/Pois      66%        N/A       1%          3
 Ice Form                 Ice/Tmut       91%        N/A       1%          4
 Blade Hands              Tmut           46%        N/A       1%          5
 Lee's Rapid Deconstruct  Erth           37%        3d19*     1%          5
 Ozocubu's Armour         Ice            55%        N/A       4%          3
 Alistair's Intoxication  Tmut/Pois      44%        N/A       4%          5
 Ensorcelled Hibernation  Hex/Ice        62%        N/A       6%          2
 Yara's Violent Unravell  Hex/Tmut       31%        3d13      7%          5
 Leda's Liquefaction      Hex/Erth       23%        N/A       9%          4
 Apportation              Tloc           6%         N/A       11%         1
 Necrotise                Necr           12%        1d4       11%         1
 Slow                     Hex            12%        N/A       11%         1
 Summon Small Mammal      Summ           12%        N/A       11%         1
 Static Discharge         Conj/Air       8%         3-4/arc   13%         2
 Scorch                   Fire           6%         2d5       17%         2
 Mephitic Cloud           Conj/Pois/Air  11%        N/A       22%         3
 Borgnjor's Vile Clutch   Necr/Erth      23%        N/A       26%         5
 Eringya's Noxious Bog    Tmut/Pois      33%        N/A       26%         6
 Call Canine Familiar     Summ           3%         N/A       32%         3
 Confusing Touch          Hex            3%         N/A       32%         3
 Gell's Gravitas          Tloc           3%         N/A       32%         3
 Inner Flame              Hex/Fire       3%         N/A       32%         3
 Lesser Beckoning         Tloc           3%         N/A       32%         3
 Portal Projectile        Hex/Tloc       6%         N/A       32%         3
 Summon Guardian Golem    Hex/Summ       3%         N/A       32%         3
 Teleport Other           Tloc           3%         N/A       32%         3
 Tukima's Dance           Hex            3%         N/A       32%         3
 Vampiric Draining        Necr           3%         2d6       32%         3
 Corpse Rot               Necr/Pois/Air  11%        N/A       56%         4
 Summon Lightning Spire   Summ/Air       8%         N/A       63%         4
 Anguish                  Hex/Necr       1%         N/A       73%         4
 Animate Dead             Necr           3%         N/A       73%         4
 Cause Fear               Hex            1%         N/A       73%         4
 Dispel Undead            Necr           3%         3d7       73%         4
 Flame Wave               Conj/Fire      3%         2d4       73%         4
 Fulminant Prism          Conj/Hex       1%         3d6       73%         4
 Iskenderun's Mystic Bla  Conj/Tloc      3%         2d3       73%         4
 Passage of Golubria      Tloc           3%         N/A       73%         4
 Sticky Flame             Conj/Fire      3%         2d3       73%         4
 Freezing Cloud           Conj/Ice/Air   13%        6-21      78%         5
 Silence                  Hex/Air        4%         N/A       93%         5
 Fireball                 Conj/Fire      1%         3d3       97%         5
 Iskenderun's Battlesphe  Conj           3%         2d6       97%         5
 Summon Mana Viper        Hex/Summ       3%         N/A       97%         5
 Simulacrum               Ice/Necr       15%        N/A       99%         6
 Conjure Ball Lightning   Conj/Air       4%         3x3d6     100%        6
 Death Channel            Necr           1%         N/A       100%        6
 Summon Cactus Giant      Summ           1%         N/A       100%        6
 Storm Form               Tmut/Air       32%        N/A       85%         7
 Enfeeble                 Hex            1%         N/A       100%        7
 Haunt                    Necr/Summ      1%         N/A       100%        7
 Malign Gateway           Summ/Tloc      1%         N/A       100%        7
 Orb of Destruction       Conj           1%         9d5       100%        7
 Ozocubu's Refrigeration  Ice            27%        4d10      100%        7
 Spellforged Servitor     Conj/Summ      1%         N/A       100%        7
 Infestation              Necr           1%         N/A       100%        8
 Lehudib's Crystal Spear  Conj/Erth      23%        10d6      100%        8
 Maxwell's Capacitive Co  Air            6%         ∞         100%        8
 Necromutation            Tmut/Necr      31%        N/A       100%        8
 Summon Horrible Things   Summ           1%         N/A       100%        8
 Chain Lightning          Conj/Air       4%         3d5       100%        9
 Dragon's Call            Summ           1%         N/A       100%        9
 Fire Storm               Conj/Fire      1%         8d1       100%        9
 Shatter                  Erth           37%        3d29*     100%        9


Dungeon Overview and Level Annotations

Branches:
Dungeon (15/15) Zot: 33998  Temple (1/1) D:7 Zot: 8679    Lair (6/6) D:8 Zot: 35399
  Swamp (4/4) Lair:2 Zot: 28942   Snake (4/4) Lair:2 Zot: 25684   Slime (5/5) Lair:5 Zot: 36093
    Orc (2/2) D:12 Zot: 15714     Elf (3/3) Orc:2 Zot: 19402  Vaults (1/5) D:14 Zot: 8138
 Depths (4/4) D:15 Zot: 22909     Zot (3/5) Depths:4 Zot: 25149 Desolation (visited)

Altars:
Ashenzari
Cheibriados
Dithmenos
Elyvilon
Fedhas
Gozag
Hepliaklqana
Kikubaaqudgha
Makhleb
Nemelex Xobeh
Okawaru
Qazlal
Ru
Sif Muna
Trog
Uskayaw
Vehumet
Wu Jian
Xom
Yredelemnul
Zin
The Shining One
Jiyva

Shops:
D:3 (   D:6 :?([(   D:10 (   Orc:2 *!*   Elf:2 :=:   Elf:3 !

Portals:
Hell: Depths:1 Depths:3 Depths:4
Abyss: Depths:3
Pandemonium: Depths:2
Ziggurat: Depths:3

Annotations:
D:2 exclusion: downstairs
D:3 1 runed translucent door, Crazy Yiuf
D:8 1 runed translucent door, Maggie
Lair:2 2 transporters, pokeman's ghost, journeyman DEHW
Lair:3 exclusion: boulder beetle
Lair:6 1 runed translucent door, Goic's ghost, journeyman DjCj
Swamp:4 exclusion: 2 oklob plants
Snake:3 Vashnia
Elf:2 3 runed translucent doors
Vaults:1 Nikola; Saint Roka
Depths:2 1 exclusion
Depths:3 1 exclusion


Innate Abilities, Weirdness & Mutations

You are a living statue of rough stone.
Your actions are slow, but your melee attacks are powerful.
You are resistant to unholy torment.
Your maximum health is greatly increased.
You are immune to poison.
You cannot wear most types of armour.
You are amphibious.
You can wear up to eight rings at the same time.
Your skin changes colour to match your surroundings (Stealth+).
((Your rubbery body absorbs attacks. (AC +1, EV +1)))
((You are camouflaged when in or above water. (Stealth+)))
You have tentacles for arms and can constrict up to eight enemies at once.
You have supernaturally acute eyesight. (SInv)
You are somewhat resistant to further mutation.


Message History

Okay, then.
Really quaff
j - 25 potions of curing {!q!d}?
You feel better. You block the jelly's attack.
The yellow draconian monk closely misses you.
The yellow draconian monk kicks you!
* * * LOW HITPOINT WARNING * * *
The yellow draconian monk barely misses you.
You block the jelly's attack.
The yellow draconian monk spits acid at you.
The glob of acid misses you.
Really quaff
j - 24 potions of curing {!q!d}?
You feel better.
Really quaff
j - 23 potions of curing {!q!d}?
You feel better. You block the jelly's attack. The jelly misses you.
The yellow draconian monk closely misses you.
You block the yellow draconian monk's attack.
The yellow draconian monk tail-slaps you.
* * * LOW HITPOINT WARNING * * *
Really read
v - 2 scrolls of fear {!r}?
As you read the scroll of fear {!r}, it crumbles to dust.
You assume a fearsome visage.
The jelly looks frightened! x4
The yellow draconian monk resists with some effort.
The yellow draconian monk misses you.
You block the yellow draconian monk's attack. x2
You catch the helpless yellow draconian monk completely off-guard!
You bludgeon the yellow draconian monk! You grab the yellow draconian monk.
The yellow draconian monk is lightly wounded.
You constrict the yellow draconian monk!
The yellow draconian monk spits acid at you.
The glob of acid hits you! You resist.
* * * LOW HITPOINT WARNING * * *
The acid corrodes you!
You bludgeon the yellow draconian monk!
You squeeze the yellow draconian monk, but do no damage.
The yellow draconian monk is moderately wounded.
You constrict the yellow draconian monk!
The yellow draconian monk hits you!!
* * * LOW HITPOINT WARNING * * *
The yellow draconian monk kicks you!
You die...

.................................
.#############...........#######.
..## ##.........# #. ...##
#....q...## #. ....## #J.......#
#. .....# ##J).....## #.
.....#########).).....##### #.
............##['##........# #.
..........###..q8###......# #.
........###?.....).###....# #.
.......##..J.........##...# ##.
......##J...J####.....##..#####..
......# ..J## ##....#..##.....
.....## ..# #...##........ ####.#
.# #...#.......) ### ...#........
#........


You could see a yellow draconian monk (unable to see you, catching breath) and 5
jellies.

Vanquished Creatures
  the Royal Jelly (Slime:5)
  An ancient lich (Depths:3)
  2 juggernauts
  A Killer Klown (Zot:2)
  A caustic shrike (Depths:3)
  2 golden dragons
  the Enchantress (Depths:4)
  A bone dragon (Depths:4)
  4 tentacled monstrosities
  A walking earthen tome (Depths:2)
  Rupert (Orc:2)
  7 liches
  2 deep elf blademasters (Elf:3)
  A walking divine tome (Depths:2)
  3 quicksilver dragons
  17 acid blobs
  A tentacled starspawn (Abyss:2)
  A walking frostbound tome (Depths:4)
  A deep elf master archer (Elf:3)
  Asterion (Snake:2)
  Kirke (Swamp:1)
  3 shadow dragons
  2 storm dragons
  2 thorn hunters (Swamp:4)
  2 draconian monks
  2 tengu reavers
  7 deep elf sorcerers
  4 nagarajas (Snake:4)
  9 rockslimes
  7 frost giants
  3 fire giants
  2 fenstrider witches
  5 draconian scorchers
  2 imperial myrmidons (Desolation)
  An iron dragon (Depths:2)
  9 azure jellies
  A ghost moth (Zot:1)
  Aizul (Snake:4)
  A balrug (Depths:2)
  A draconian knight (Zot:1)
  3 deep elf elementalists (Elf:3)
  A draconian annihilator (Zot:2)
  3 draconian shifters
  4 spriggan defenders
  3 ghouls (Swamp:4)
  11 quicksilver oozes
  3 ironbound preservers (Vaults:1)
  15 stone giants
  9 very ugly things
  4 green draconians
  3 vampire knights
  2 black draconians
  An ironbound thunderhulk (Vaults:1)
  5 purple draconians
  3 halazid warlocks (Desolation)
  4 eleionomae
  6 yellow draconians
  4 deep elf demonologists (Elf:3)
  An entropy weaver (Vaults:1)
  9 deep elf annihilators
  3 bunyips
  A red draconian (Zot:3)
  3 white draconians
  12 spark wasps
  3 deep elf death magi (Elf:3)
  4 crystal guardians
  6 ettins
  12 fire dragons
  6 great orbs of eyes
  7 ragged hierophants (Desolation)
  11 ice dragons
  22 hydras
  7 boulder beetles
  9 deep elf high priests (Elf:3)
  3 shambling mangroves
  4 peacekeepers (Desolation)
  4 salamander tyrants (Snake:4)
  5 rakshasas
  8 servants of whispers (Desolation)
  10 spriggan air magi
  2 catoblepae
  8 anacondas
  4 centaur warriors
  An ironbound frostheart (Vaults:1)
  6 two-headed ogres
  10 dancing weapons
  3 tengu warriors
  A ghost crab (Swamp:1)
  7 alligators
  10 deep troll shamans
  11 naga warriors
  A death yak (Lair:5)
  3 vampire magi
  3 hell hogs (Abyss:2)
  3 deep troll earth magi
  4 orc high priests
  6 spriggan berserkers
  4 shock serpents
  16 naga sharpshooters
  3 soul eaters
  9 deep elf knights
  8 hell knights
  A sixfirhy (Abyss:2)
  5 iron trolls
  The ghost of gobodom the Geomancer, a novice GrEE of Makhleb (D:8)
  5 goliath frogs
  A death drake (Swamp:2)
  2 salamander mystics (Snake:4)
  4 glowing orange brains
  3 starcursed masses (Abyss:2)
  9 naga ritualists
  21 deep trolls
  4 spectral hydras (Swamp:4)
  4 orange crystal statues (D:8)
  A flayed ghost (Depths:2)
  3 spriggan druids
  6 bog bodies
  9 deep elf archers
  2 wizards (D:15)
  An ironbound convoker (Vaults:1)
  4 swamp dragons
  4 necromancers
  Pikel (D:6)
  A phantasmal warrior (Swamp:4)
  A lindwurm (Lair:6)
  29 deep elf pyromancers
  4 orc knights (Orc:2)
  19 deep elf zephyrmancers
  A manticore (shapeshifter) (D:14)
  8 mana vipers
  6 orc sorcerers
  3 manticores
  6 salamanders
  18 ugly things
  5 cyclopes
  4 shining eyes
  3 will-o-the-wisps
  7 elephants
  30 black mambas
  7 guardian serpents
  5 moths of wrath
  A smoke demon (Abyss:2)
  A vault sentinel (Vaults:1)
  A black mamba (shapeshifter) (D:14)
  Maurice (D:9)
  4 eyes of devastation
  23 naga magi
  12 cane toads
  2 torpor snails
  2 gargoyles
  An unseen horror (shapeshifter) (Depths:4)
  An unseen horror zombie (D:8)
  3 tengu conjurers
  An efreet (D:15)
  8 komodo dragons
  2 rime drakes
  An unseen horror (Depths:3)
  3 kobold demonologists
  A death drake zombie (Swamp:4)
  A freezing wraith (Swamp:3)
  A queen bee (shapeshifter) (D:13)
  A hornet (shapeshifter) (D:15)
  6 large abominations
  A bloated husk (Swamp:3)
  19 hornets
  4 trolls
  26 blink frogs
  7 tyrant leeches
  7 polar bears
  A wind drake (shapeshifter) (D:14)
  9 meliai (D:13)
  45 saltlings (Desolation)
  A death drake skeleton (Swamp:4)
  7 dream sheep (Lair:6)
  93 slime creatures
  2 hydra skeletons (Swamp:4)
  A culicivora (Vaults:1)
  A vampire (D:14)
  29 spriggans
  2 wyverns
  2 shadows
  A culicivora (shapeshifter) (Elf:3)
  7 water elementals
  8 small abominations (Depths:3)
  6 basilisks
  A fire elemental (Elf:2)
  37 yaks
  4 wraiths
  2 basilisks (shapeshifter)
  4 steam dragons
  2 golden eyes (Slime:5)
  4 hogs (Swamp:1)
  3 chaos spawn (Depths:3)
  2 neqoxecs
  9 vampire mosquitoes
  Edmund (D:6)
  A redback (Vaults:1)
  36 nagas
  15 swamp worms
  3 wargs
  A hell hound (Abyss:2)
  14 water moccasins
  5 swamp drakes
  A floating eye (Slime:2)
  5 black bears
  A swamp dragon zombie (Swamp:4)
  An ice beast (D:5)
  17 orc warriors
  3 ogres (Orc:1)
  4 boggarts (Lair:6)
  26 wolves
  9 centaurs
  4 swamp dragon skeletons (Swamp:4)
  A lemure (D:6)
  3 kobold brigands
  6 scorpions
  14 bullfrogs
  A gnoll sergeant (D:8)
  2 earth elementals (Elf:2)
  7 wights
  15 killer bees
  5 electric eels
  3 howler monkeys (D:12)
  A centaur zombie (D:8)
  6 jellies (Zot:3)
  A lava snake (D:9)
  5 hounds
  12 orc priests
  A gnoll bouda (Orc:2)
  2 iguanas (D:6)
  Ijyb (D:3)
  Terence (D:3)
  22 orc wizards
  9 hell rats
  Robin (D:3)
  11 gnolls
  7 adders
  12 river rats (Lair:1)
  A shadow imp (D:5)
  A white imp (D:7)
  4 ufetubi
  3 worms
  4 dart slugs
  44 orcs
  5 endoplasms
  13 giant cockroaches
  14 goblins
  9 hobgoblins
  14 jackals
  18 kobolds
  10 quokkas
  9 ball pythons
  7 bats
  4 frilled lizards
  18 rats
  2 briar patches (Swamp:4)
1620 creatures vanquished.

Vanquished Creatures (others)
  A naga warrior (Snake:2)
  2 deep elf archers (Elf:2)
  A yaktaur (Vaults:1)
  2 bloated husks
  A hornet (Swamp:3)
  A human (Swamp:1)
  A boggart (Lair:6)
  A briar patch (Swamp:4)
  12 foxfires (Swamp:4)
  83 fungi
  A pillar of salt (Desolation)
  133 plants
  2 starspawn tentacles (Abyss:2)
241 creatures vanquished.

Grand Total: 1861 creatures vanquished

Notes
Turn   | Place    | Note
-------+----------+-------------------------------------------
     0 | D:1      | buhh the Octopode Transmuter began the quest for the Orb.
     0 | D:1      | Reached XP level 1. HP: 13/13 MP: 3/3
    44 | D:1      | Reached XP level 2. HP: 5/18 MP: 3/5
   691 | D:1      | Reached XP level 3. HP: 23/23 MP: 6/6
  1485 | D:2      | Reached XP level 4. HP: 19/29 MP: 5/7
  1763 | D:2      | Learned a level 2 spell: Wereblood
  1767 | D:2      | Learned a level 3 spell: Spider Form
  2281 | D:2      | Got the Compendium of Amassed Superposition
  2365 | D:2      | Found a faded altar of an unknown god.
  2414 | D:3      | Noticed Ijyb
  2482 | D:3      | Found Zin's Purification Station.
  2485 | D:3      | Found a glowing silver altar of Zin.
  2530 | D:3      | Noticed Terence
  2798 | D:4      | Reached XP level 5. HP: 29/35 MP: 8/8
  3604 | D:4      | Found a radiant altar of Vehumet.
  4450 | D:3      | Killed Terence
  4451 | D:3      | Reached XP level 6. HP: 33/41 MP: 9/9
  4626 | D:5      | Entered Level 5 of the Dungeon
  4847 | D:5      | Noticed an ice beast
  4937 | D:5      | Killed an ice beast
  5128 | D:5      | Reached XP level 7. HP: 42/46 MP: 6/10
  5378 | D:5      | Found a hide-covered altar of Uskayaw.
  5663 | D:5      | Reached skill level 5 in Unarmed Combat
  6029 | D:6      | Found Wexzure's Weapon Boutique.
  6029 | D:6      | Found Nuklaoco's Book Boutique.
  6029 | D:6      | Found Okkilum's Magic Scroll Boutique.
  6125 | D:6      | Found Tuqel's Antique Armour Boutique.
  6125 | D:6      | Noticed a steam dragon
  6180 | D:3      | Noticed Robin
  6193 | D:3      | Killed Robin
  6374 | D:3      | Killed Ijyb
  6375 | D:3      | Reached XP level 8. HP: 54/54 MP: 9/11
  6613 | D:3      | Bought a potion of curing for 90 gold pieces
  6787 | D:3      | Found a runed translucent door.
  6788 | D:3      | Noticed Crazy Yiuf
  6813 | D:3      | Found a stormy altar of Qazlal.
  6865 | D:3      | Found Siddokum's Weapon Shop.
  6992 | D:6      | Noticed Edmund
  7211 | D:6      | Found Ebywka's Antique Weapon Boutique.
  7278 | D:6      | Reached skill level 5 in Dodging
  7628 | D:6      | Bought a scroll of identify for 24 gold pieces
  7628 | D:6      | Bought a scroll of blinking for 90 gold pieces
  7628 | D:6      | Bought a scroll of identify for 24 gold pieces
  8192 | D:6      | Noticed Pikel
  8194 | D:6      | Killed Pikel
  8195 | D:6      | Reached skill level 5 in Transmutations
  8195 | D:6      | Reached XP level 9. HP: 62/62 MP: 12/12
  8520 | D:7      | Noticed a troll
  8535 | D:7      | Killed a troll
  8608 | D:7      | Found a staircase to the Ecumenical Temple.
  8617 | Temple   | Entered the Ecumenical Temple
  8976 | D:7      | Noticed a kobold demonologist
  8987 | D:7      | Learned a level 4 spell: Ice Form
  9051 | D:7      | Found a sparkling altar of Nemelex Xobeh.
  9528 | D:8      | Noticed a hornet
  9538 | D:8      | Killed a hornet
  9539 | D:8      | Reached skill level 5 in Stealth
  9679 | D:8      | Noticed a komodo dragon
  9790 | D:9      | Reached skill level 5 in Ice Magic
 10294 | D:9      | Reached XP level 10. HP: 43/69 MP: 10/13
 10415 | D:9      | Found a shimmering altar of Xom.
 10431 | D:9      | Found an iron altar of Okawaru.
 10642 | D:8      | HP: 2/79 [komodo dragon (30)]
 11250 | D:8      | Found a staircase to the Lair.
 12138 | D:8      | Noticed Maggie
 12198 | D:8      | Found a runed translucent gate.
 12198 | D:8      | Found a runed translucent gate.
 12198 | D:8      | Found a runed translucent gate.
 12198 | D:8      | Noticed gobodom's ghost (novice GrEE)
 12200 | D:8      | Found a basalt altar of Yredelemnul.
 12319 | D:8      | Found a runed translucent door.
 12325 | D:8      | Found the +10 tower shield of Ignorance {rN+ Int-4}
 12343 | D:8      | Found a runed translucent door.
 12350 | D:8      | Noticed an orange crystal statue
 12818 | D:7      | Killed a kobold demonologist
 12884 | D:7      | Noticed a two-headed ogre
 12889 | D:7      | Killed a two-headed ogre
 13134 | D:6      | Killed Edmund
 13175 | D:6      | Reached skill level 8 in Fighting
 13175 | D:6      | Reached skill level 8 in Unarmed Combat
 13175 | D:6      | Reached XP level 11. HP: 74/74 MP: 14/14
 13434 | D:9      | Reached skill level 8 in Dodging
 13633 | D:9      | Noticed a two-headed ogre
 13648 | D:9      | Killed a two-headed ogre
 13652 | D:9      | Noticed Maurice
 13671 | D:9      | Killed Maurice
 13832 | D:10     | Entered Level 10 of the Dungeon
 13835 | D:10     | Found Osagy's Antique Weapon Boutique.
 13960 | D:10     | Noticed a two-headed ogre
 13968 | D:10     | Killed a two-headed ogre
 14463 | D:10     | Found a snail-covered altar of Cheibriados.
 14477 | D:10     | Became a worshipper of Cheibriados the Contemplative
 14567 | D:10     | Found a shadowy altar of Dithmenos.
 14669 | D:10     | Found a burning altar of Makhleb.
 14774 | Lair:1   | Entered Level 1 of the Lair of Beasts
 14780 | Lair:1   | Reached skill level 8 in Transmutations
 15404 | Lair:1   | Noticed a six-headed hydra
 15772 | Lair:1   | Killed a six-headed hydra
 16289 | Lair:1   | Reached * piety under Cheibriados
 16438 | Lair:1   | Reached XP level 12. HP: 86/86 MP: 10/15
 16468 | Lair:1   | Reached ** piety under Cheibriados
 17096 | Lair:2   | Found a transporter.
 17125 | Lair:2   | Noticed a catoblepas
 17352 | Lair:3   | Reached *** piety under Cheibriados
 17626 | Lair:3   | Noticed a boulder beetle
 17846 | Lair:3   | Got the Spellbook of the Oath
 18515 | Lair:2   | Found a staircase to the Swamp.
 18529 | Lair:2   | Reached skill level 10 in Fighting
 18555 | Lair:2   | Reached skill level 10 in Dodging
 18555 | Lair:2   | Reached skill level 10 in Unarmed Combat
 18683 | Lair:2   | Reached skill level 10 in Transmutations
 18809 | Lair:2   | Noticed pokeman's ghost (journeyman DEHW)
 19074 | Lair:2   | Found a transporter.
 19732 | Lair:4   | Reached **** piety under Cheibriados
 20123 | Lair:4   | Reached XP level 13. HP: 85/92 MP: 12/16
 21939 | Lair:5   | Reached ***** piety under Cheibriados
 22380 | Lair:5   | Reached skill level 5 in Invocations
 22380 | Lair:5   | Found a staircase to the Slime Pits.
 22380 | Lair:5   | Found a viscous altar of Jiyva.
 22937 | Lair:6   | Entered Level 6 of the Lair of Beasts
 22997 | Lair:6   | Found a runed translucent door.
 23033 | Lair:6   | Noticed Goic's ghost (journeyman DjCj)
 23180 | Lair:6   | Paralysed by a hornet for 1 turns
 23196 | Lair:6   | Identified a scroll of acquirement
 23203 | Lair:6   | Acquired a book of Transfigurations
 23215 | Lair:6   | Learned a level 7 spell: Dragon Form
 23806 | Lair:6   | Reached XP level 14. HP: 99/99 MP: 14/19
 23962 | Lair:6   | Reached skill level 8 in Invocations
 24148 | Lair:6   | Identified the +3 quarterstaff "Dyirgh" {drain, rPois rF+
                  | Str+4}
 24518 | Lair:6   | Reached skill level 15 in Transmutations
 25789 | Lair:2   | Found a staircase to the Snake Pit.
 26141 | D:11     | Reached skill level 10 in Invocations
 26562 | D:11     | Identified the ring "Boeqatek" {rN+ Dex+6}
 27617 | D:12     | Found a staircase to the Orcish Mines.
 29576 | D:14     | Reached XP level 15. HP: 103/103 MP: 15/23
 30412 | D:14     | Found a gate to the Vaults.
 31037 | D:15     | Entered Level 15 of the Dungeon
 31200 | D:15     | Found a staircase to the Depths.
 31369 | Abyss:2  | Cast into level 2 of the Abyss (a wizard)
 31405 | Abyss:2  | Noticed a revenant
 31457 | Abyss:2  | Noticed a tentacled starspawn
 31458 | Abyss:2  | Noticed a cacodemon
 31464 | Abyss:2  | Killed a tentacled starspawn
 31485 | Abyss:2  | Gained mutation: Your magical capacity is low. (-10% MP) [a
                  | neqoxec]
 31486 | Abyss:2  | Gained mutation: You are occasionally teleported next to
                  | monsters. [a neqoxec]
 31488 | Abyss:2  | Gained mutation: Your magical capacity is very low. (-20%
                  | MP) [a neqoxec]
 31655 | Abyss:2  | Noticed a lich
 31663 | Abyss:2  | Killed a lich
 31663 | Abyss:2  | Reached ****** piety under Cheibriados
 31800 | D:15     | Escaped the Abyss
 31803 | D:15     | Identified the +3 leather armour of Restlessness {Str+5}
 31807 | D:15     | Lost mutation: Your magical capacity is very low. (-20% MP)
                  | [potion of mutation]
 31807 | D:15     | Lost mutation: You are occasionally teleported next to
                  | monsters. [potion of mutation]
 31807 | D:15     | Gained mutation: You are frail. (-10% HP) [potion of
                  | mutation]
 31807 | D:15     | Lost mutation: You are frail. (-10% HP) [potion of
                  | mutation]
 31808 | D:15     | Lost mutation: Your magical capacity is low. (-10% MP)
                  | [potion of mutation]
 31808 | D:15     | Gained mutation: You are dopey. (Int -2) [potion of
                  | mutation]
 31808 | D:15     | Gained mutation: You occasionally lose the ability to read
                  | scrolls when taking damage. [potion of mutation]
 31808 | D:15     | Gained mutation: You are partially covered in iridescent
                  | scales. (AC +2) [potion of mutation]
 31809 | D:15     | Lost mutation: You are partially covered in iridescent
                  | scales. (AC +2) [potion of mutation]
 31809 | D:15     | Lost mutation: You are dopey. (Int -2) [potion of mutation]
 31809 | D:15     | Gained mutation: Your spells are a little easier to cast,
                  | but a little less powerful. [potion of mutation]
 31809 | D:15     | Gained mutation: You expend magic power (3 MP) to
                  | strengthen your wands. [potion of mutation]
 31810 | D:15     | Lost mutation: Your spells are a little easier to cast, but
                  | a little less powerful. [potion of mutation]
 31810 | D:15     | Lost mutation: You expend magic power (3 MP) to strengthen
                  | your wands. [potion of mutation]
 31810 | D:15     | Lost mutation: You occasionally lose the ability to read
                  | scrolls when taking damage. [potion of mutation]
 31810 | D:15     | Gained mutation: You are somewhat resistant to further
                  | mutation. [potion of mutation]
 31810 | D:15     | Gained mutation: You have supernaturally acute eyesight.
                  | (SInv) [potion of mutation]
 32641 | Orc:1    | Entered Level 1 of the Orcish Mines
 32932 | Orc:2    | Entered Level 2 of the Orcish Mines
 32986 | Orc:2    | Noticed Rupert
 32994 | Orc:2    | Killed Rupert
 33212 | Orc:2    | Found a staircase to the Elven Halls.
 33436 | Orc:2    | Reached skill level 18 in Transmutations
 33448 | Orc:2    | Found Zeqeocim's Distillery.
 33448 | Orc:2    | Found Rowued's General Store.
 33456 | Orc:2    | Found Mudegacu's General Store.
 33456 | Orc:2    | Found Jolomn's Distillery.
 33467 | Orc:2    | Bought a potion of might for 48 gold pieces
 33468 | Orc:2    | Bought a potion of curing for 39 gold pieces
 33468 | Orc:2    | Bought a potion of curing for 39 gold pieces
 33468 | Orc:2    | Bought a potion of curing for 39 gold pieces
 34277 | Snake:1  | Entered Level 1 of the Snake Pit
 34540 | Snake:1  | Reached XP level 16. HP: 109/109 MP: 17/25
 35874 | Snake:2  | Noticed Asterion
 36294 | Snake:3  | Noticed Vashnia
 36479 | Snake:4  | Entered Level 4 of the Snake Pit
 36492 | Snake:4  | Noticed Aizul
 36505 | Snake:4  | Killed Aizul
 37878 | Snake:2  | Killed Asterion
 38052 | Swamp:1  | Entered Level 1 of the Swamp
 38723 | Swamp:1  | Learned a level 5 spell: Irradiate
 38740 | Swamp:1  | Noticed Kirke
 38745 | Swamp:1  | Killed Kirke
 40278 | Swamp:2  | Reached XP level 17. HP: 69/119 MP: 10/26
 41969 | Swamp:4  | Entered Level 4 of the Swamp
 42785 | Swamp:3  | Paralysed by a vampire knight for 2 turns
 43209 | Swamp:4  | Found a blossoming altar of Fedhas.
 43680 | Swamp:4  | Found a basalt altar of Yredelemnul.
 43692 | Swamp:4  | Got a decaying rune of Zot
 45151 | Snake:4  | Reached XP level 18. HP: 129/129 MP: 22/27
 46623 | Snake:4  | Noticed a quicksilver dragon
 46628 | Snake:4  | Killed a quicksilver dragon
 46631 | Snake:4  | Noticed a quicksilver dragon
 46825 | Snake:4  | Killed a quicksilver dragon
 46845 | Snake:4  | Got a serpentine rune of Zot
 47696 | Vaults:1 | Entered Level 1 of the Vaults
 47820 | Vaults:1 | Found a crumbling gateway.
 47828 | Desolati | Entered the Desolation of Salt
 47976 | Desolati | Got Sif Muna's Almanac of Destructive Transfiguration
 47984 | Desolati | Identified the +6 quarterstaff of the Thing {drain, Int+7}
 47985 | Desolati | Identified the +1 robe "Xitautre" {Str+3}
 47986 | Desolati | Identified the ring of Xom's Malicious Joy {rF+ rCorr}
 48235 | Desolati | Reached skill level 15 in Unarmed Combat
 48278 | Desolati | Reached skill level 15 in Dodging
 48279 | Desolati | Reached skill level 15 in Fighting
 48315 | Desolati | Identified the ring of the Scorching Enemy {rF+ rN+ Dex+6}
 48349 | Desolati | Found the +4 robe of Folly {Brilliance Will-∞ Int+8}
 48355 | Desolati | Got the Guide on the Vapourous Iceberg
 48356 | Desolati | Identified the amulet "Zaocitor" {Faith rN+}
 48395 | Desolati | Reached XP level 19. HP: 139/139 MP: 22/28
 48577 | Desolati | Identified the +6 long sword "Jats" {vorpal, rElec}
 48584 | Desolati | Identified the +2 longbow of Traps {vorpal, rCorr}
 48585 | Desolati | Identified the +4 morningstar of Extermination {vorpal,
                  | rN+}
 48591 | Desolati | Got the Excursus on Icy Beguiling
 49091 | Vaults:1 | Noticed Nikola
 49157 | Vaults:1 | Noticed Saint Roka
 49763 | Slime:1  | Entered Level 1 of the Pits of Slime
 50869 | Slime:4  | Paralysed by a great orb of eyes for 4 turns
 51245 | Slime:5  | Entered Level 5 of the Pits of Slime
 51357 | Slime:2  | Learned a level 3 spell: Mephitic Cloud
 51381 | Slime:2  | Paralysed by a floating eye for 2 turns
 52186 | Slime:5  | Reached XP level 20. HP: 149/149 MP: 24/29
 53024 | Slime:5  | Noticed the Royal Jelly
 53035 | Slime:5  | Killed the Royal Jelly
 53482 | Slime:5  | Paralysed by a great orb of eyes for 2 turns
 53752 | Slime:5  | Gained mutation: You are frail. (-10% HP) [a shining eye]
 53753 | Slime:5  | Gained mutation: Your spells are a little easier to cast,
                  | but a little less powerful. [a shining eye]
 54492 | Slime:5  | Identified the +3 chain mail of the Blushing Gods {rPois
                  | rC+++ Will- Str+3}
 54503 | Slime:5  | Found the +8 trishula "Condemnation" {holy, anguish, *Noise
                  | Fly rN+}
 54512 | Slime:5  | Identified the +1 ring mail of Snakes and Ladders {rF+}
 54540 | Slime:5  | Got Sif Muna's Almanac of Unstable Command
 54548 | Slime:5  | Identified the +4 ring mail of Calculation {rCorr}
 54562 | Slime:5  | Identified the ring of Rasocem {*Slow rPois Will++ Int+10
                  | Stlth-}
 54571 | Slime:5  | Got a slimy rune of Zot
 54985 | Depths:1 | Entered Level 1 of the Depths
 56698 | Depths:1 | Found a gateway to Hell.
 57655 | Depths:3 | Noticed a juggernaut
 57664 | Depths:3 | Killed a juggernaut
 58153 | Elf:1    | Entered Level 1 of the Elven Halls
 58288 | Elf:1    | Reached skill level 18 in Unarmed Combat
 58352 | Elf:1    | Reached skill level 18 in Fighting
 58384 | Elf:1    | Identified the +4 great sword of a bailey {vorpal, rPois
                  | rF+ Will+ Dex+2}
 58592 | Elf:1    | Reached XP level 21. HP: 143/143 MP: 30/30
 59591 | Elf:2    | Found a runed translucent gate.
 59592 | Elf:2    | Found a runed translucent gate.
 59593 | Elf:2    | Found a runed translucent gate.
 59751 | Elf:2    | Lost mutation: Your spells are a little easier to cast, but
                  | a little less powerful. [potion of mutation]
 59751 | Elf:2    | Lost mutation: You are frail. (-10% HP) [potion of
                  | mutation]
 60304 | Elf:2    | Found Ryomao's Jewellery Shoppe.
 60305 | Elf:2    | Found Obeth's Book Boutique.
 60305 | Elf:2    | Found Rith's Book Boutique.
 60318 | Elf:2    | Bought a ring of ice for 525 gold pieces
 60318 | Elf:2    | Bought a ring of ice for 525 gold pieces
 60569 | Elf:3    | Entered Level 3 of the Elven Halls
 60615 | Elf:3    | Found Cusiuh's Distillery.
 60633 | Elf:3    | Bought a potion of heal wounds for 70 gold pieces
 60633 | Elf:3    | Bought a potion of might for 56 gold pieces
 60633 | Elf:3    | Bought a potion of cancellation for 112 gold pieces
 60633 | Elf:3    | Bought a potion of brilliance for 56 gold pieces
 60633 | Elf:3    | Bought a potion of brilliance for 56 gold pieces
 62630 | Elf:3    | Identified the +8 short sword "Cumaig" {vorpal, rF+}
 62743 | Elf:3    | Identified the +6 halberd of Kaizoun {protect, *Corrode
                  | rElec rN+++ Stlth+}
 62759 | Elf:3    | Identified the +10 dagger "Wetewuet" {flame, rPois Will+
                  | Int+6}
 63103 | Elf:3    | Identified the +4 rapier of Radicalism {vorpal, rN+ Int-2
                  | Dex+5}
 63104 | Elf:3    | Identified the +10 plate armour of Duck's Teeth {Will+ MP-9
                  | Slay+6 SInv Stlth+}
 63105 | Elf:3    | Identified the +6 short sword "Puatt" {antimagic, Dex+7}
 63132 | Elf:3    | Identified the +4 ring mail of the Oily Wumpus {Dex+3 SInv}
 63155 | Elf:3    | Identified the +1 ring mail of Restlessness {rF++ Will+
                  | Int+5}
 63159 | Elf:3    | Identified the ring "Ylaoraw" {*Corrode Str+5 Int+2 Dex+6}
 63203 | Elf:3    | Got the Almanac of Mutagenic Enchantment
 63436 | Elf:3    | Learned a level 6 spell: Statue Form
 63769 | Elf:3    | Identified the +10 long sword of the Revolution {holy,
                  | Will+ MP+9 Str+3 SInv}
 64139 | Depths:2 | Found a one-way gate leading to the halls of Pandemonium.
 64553 | Slime:5  | Identified the +0 pair of gloves of Analysis {-Tele rC+
                  | Will++ Int+4}
 64967 | Depths:3 | Identified the amulet "Rinwehub" {RegenMP Fly MP+9 Dex-4
                  | Stlth+}
 65427 | Depths:3 | Noticed a caustic shrike
 65501 | Depths:3 | Noticed an ancient lich
 65509 | Depths:3 | Killed an ancient lich
 65509 | Depths:3 | Identified the +10 lajatang of Callousness {vorpal, rC++}
 65510 | Depths:3 | Reached XP level 22. HP: 169/169 MP: 27/31
 65544 | Depths:3 | Killed a caustic shrike
 65545 | Depths:3 | Reached skill level 5 in Shields
 65545 | Depths:3 | Reached skill level 5 in Earth Magic
 65633 | Depths:3 | Identified the +1 battleaxe of Ririedis {antimagic, Str+4}
 65820 | Depths:3 | Identified the amulet of Onyjox {Acrobat rF+ Int+4}
 65905 | Depths:3 | Found a one-way gate to the infinite horrors of the Abyss.
 66705 | Depths:2 | Noticed a golden dragon
 66713 | Depths:2 | Killed a golden dragon
 66720 | Depths:2 | Noticed a juggernaut
 67451 | Depths:3 | Found a one-way gateway to a ziggurat.
 67474 | Depths:4 | Entered Level 4 of the Depths
 67491 | Depths:4 | Reached skill level 8 in Shields
 67491 | Depths:4 | Reached skill level 8 in Earth Magic
 68159 | Depths:4 | Noticed the Enchantress
 68161 | Depths:4 | Killed the Enchantress
 68676 | Depths:4 | Reached skill level 10 in Earth Magic
 68677 | Depths:4 | Reached skill level 10 in Shields
 68677 | Depths:4 | Reached XP level 23. HP: 115/174 MP: 28/32
 69046 | Depths:4 | Noticed a golden dragon
 69050 | Depths:4 | Killed a golden dragon
 69154 | Depths:4 | Found a radiant altar of Vehumet.
 69222 | Depths:4 | Identified the +3 plate armour of the Old World {rPois rC-
                  | Regen+}
 69428 | Depths:4 | Found a gate to the Realm of Zot.
 70185 | D:8      | Killed gobodom's ghost
 70411 | Depths:2 | Killed a juggernaut
 71040 | Depths:3 | Found a blossoming altar of Fedhas.
 71179 | Zot:1    | Entered Level 1 of the Realm of Zot
 72461 | Zot:2    | Noticed a Killer Klown
 72472 | Zot:2    | Killed a Killer Klown
 73304 | Zot:3    | HP: 1/226 [yellow draconian monk (20)]
 73304 | Zot:3    | Mangled by a yellow draconian monk

Illustrated notes

Levels and vault maps discovered:
D:1:      saegor_arrival_under_anarchy, layout_rooms, serial_bayou_pond_b,
          minmay_door_square, kennysheep_pointless_box,
          chequers_serial_rivers_micro_e
D:2:      minmay_roachtagon, layout_basic, shapermc_ecumenical_altar_petra
D:3:      layout_rooms, zin_purify, grunt_qazlal_clouds, serial_shops, shop,
          st_stairs_11, dk_vineyard_3, minmay_misc_feat_enclosed,
          uniq_crazy_yiuf_cottage, uniq_terence, uniq_ijyb, uniq_robin
D:4:      layout_basic, mainiacjoe_overflow_paths
D:5:      minmay_razor_zed, layout_basic, mainiacjoe_overflow_cross_hatched
D:6:      minmay_general_purpose_star, layout_basic, serial_shops, shop,
          minmay_shop_grid_forest, uniq_pikel, uniq_edmund
D:7:      layout_rooms, nemelex_xobeh_ov_fountains_minmay, temple_statues,
          kb_rosetta
D:8:      layout_gridville, nicolae_yredelemnul_ghost_church,
          grunt_lair_entry_orc_guard_hut, chequers_guarded_unrand_ignorance,
          uniq_maggie
D:9:      layout_roguey, mainiacjoe_overflow_catch_the_wave, uniq_maurice
D:10:     layout_roguey, bloody_makhleb, cheibriados_altar_1,
          nicolae_overflow_hidden_temple, serial_shops, nicolae_shop_stone
D:11:     layout_stronghold
D:12:     layout_loops_ring, david_orc_1_choice
D:13:     layout_rooms, chequers_avenue
D:14:     layout_stronghold, david_vaults_2, serial_rivers,
          chequers_serial_rivers_small_3, chequers_serial_rivers_room_a,
          chequers_serial_rivers_micro_e, chequers_serial_rivers_micro_e,
          chequers_serial_rivers_micro_c, chequers_serial_rivers_marsh,
          minmay_misc_feat_hallway
D:15:     grunt_enter_depths_hoard, layout_long_grid,
          ebering_dispersal_statue_hall
Temple:   minmay_temple_curvy_loop
Lair:1:   lemuel_ratsnest, layout_cave_pods, grunt_megastairs_1
Lair:2:   layout_regular_city, skrybe_swamp_entry_bodies,
          minmay_snake_entry_guardpost_large, nzn_ghost_randoct,
          serial_bayou_shore_b
Lair:3:   layout_hall_layers
Lair:4:   layout_cave_pods, serial_bayou_shore_a, infiniplex_staircase_pool_2,
          grunt_megastairs_2
Lair:5:   layout_roguey, dpeg_slime_entry_enclosed, grunt_megastairs_3,
          lemuel_fruit_tree, infiniplex_staircase_pool
Lair:6:   minmay_lair_end_enchanted_forest, layout_hall_layers,
          ebering_ghost_inner_flame, serial_bayou_lagoon_b
Swamp:1:  layout_basic_swamp, evilmike_swamp_ruin_house_5, swamp_pool1,
          uniq_kirke
Swamp:2:  layout_basic_swamp, hangedman_swamp_ruin_wall, swamp_pool5
Swamp:3:  layout_basic_swamp, evilmike_swamp_ruin_house_4, swamp_pool1
Swamp:4:  byrel_swamp_growth_death_and_undeath, layout_basic_swamp
Snake:1:  layout_onion
Snake:2:  layout_misc_corridors, nicolae_fountain_basement, uniq_asterion
Snake:3:  layout_concentric_octagons, uniq_vashnia
Snake:4:  hellmonk_snake_rune_quicksilver_temple, layout_basic,
          nicolae_snake_magic_snake_eye, uniq_aizul
Slime:1:  layout_caves, nicolae_slime_barrier
Slime:2:  layout_caves
Slime:3:  layout_caves
Slime:4:  layout_caves
Slime:5
Orc:1:    layout_caves
Orc:2:    grunt_orc_tribal_feast, layout_caves, uniq_rupert
Elf:1:    elf_arrival_002, layout_gridlike, orc_legates
Elf:2:    nicolae_elf_blades_splatter_lattice [nicolae_blade_entry_antechamber],
          layout_gridlike, lemuel_flamethrower_1, minmay_shop_grove
Elf:3:    minmay_elf_hall_hex, layout_geoelf_castle, serial_shops,
          shop_fountains
Vaults:1: portal_desolation_entry_garden, vaults_room_door_hall,
          dpeg_vaults_waves, ontoclasm_vaults_chip,
          nicolae_vaults_little_squares_3, vaults_room_grunt_arrival_ludios,
          nicolae_vaults_windows_and_doors_thing,
          nicolae_vaults_little_squares_3, nicolae_vaults_little_squares_2,
          layout_vaults_omnigrid, uniq_saint_roka, uniq_nikola
Depths:1: layout_cave_pools, hangedman_tar_grid_catacomb,
          serial_sigils_hangedman_confine, kennysheep_opposing_triangles
Depths:2: lemuel_traditional_vault, layout_gridville, hellmouth_1,
          infiniplex_staircase_spiral_double, rand_demon_pan_entry_8,
          chequers_serial_rivers_micro_e
Depths:3: minmay_the_grid_3x2 [minmay_the_grid_slots, minmay_the_grid_tri_star,
          minmay_the_grid_expand, minmay_the_grid_artifice,
          minmay_the_grid_embedded, minmay_the_grid_prize_inner_circle],
          layout_gridlike, enter_ziggurat_c, fedhas_altar_fruit_tree,
          minmay_room_of_horrors, hell_entry
Depths:4: grunt_zot_entry_gee_three, layout_cave_pools, hangedman_geh_valley,
          nicolae_vehumet_radiance, uniq_enchantress
Zot:1:    layout_concentric_octagons
Zot:2:    kennysheep_blocky_hall, layout_twisted_circle
Zot:3:    lemuel_acid_trip, layout_onion, grunt_ministairs_11

Skill      XL: |  1  2  3  4  5  6  7  8  9 10 11 12 13 14 15 16 17 18 19 20 21 22 23 |
---------------+----------------------------------------------------------------------+-----
Poison Magic   | 1 2 |  2.0
Stealth        | 2 3 5 |  5.0
Fighting       | 2 3 4 6 8 9 10 12 13 15 16 18 19 | 19.3
Dodging        | 3 4 6 7 9 10 12 13 15 16 17 | 17.1
Unarmed Combat | 4 5 6 8 9 10 12 13 15 16 18 19 | 19.3
Transmutations | 3 5 7 8 12 14 16 18 | 18.5
Ice Magic      | 5 |  5.0
Invocations    | 7 11 13 | 13.0
Air Magic      | 1 |  1.4
Shields        | 4 10 12 | 12.3
Earth Magic    | 4 10 12 | 12.3
Spellcasting   | |  2.0

Action                   |  1- 3 |  4- 6 |  7- 9 | 10-12 | 13-15 | 16-18 | 19-21 | 22-24 || total
-------------------------+-------+-------+-------+-------+-------+-------+-------+-------++-------
Melee: Unarmed           |    89 |   146 |   223 |   520 |   593 |   608 |   681 |   524 ||  3384
       Constrict         |    29 |    31 |    12 |     1 |       |       |    16 |    93 ||   182
       Kick              |    28 |    16 |     9 |       |       |       |       |       ||    53
       Tentacles         |    13 |    24 |     7 |     2 |     4 |       |    23 |   157 ||   230
       Punch             |     3 |     2 |     3 |     5 |    25 |    64 |    85 |    95 ||   282
       Tailslap          |       |       |       |       |    54 |   114 |    96 |       ||   264
       Bite              |       |       |       |       |    38 |    93 |    75 |       ||   206
 Cast: Beastly Appendage |    17 |    20 |    11 |     3 |       |       |       |       ||    51
       Spider Form       |       |     6 |    18 |     5 |       |       |       |       ||    29
       Wereblood         |       |     1 |     5 |    12 |     8 |     5 |     3 |     2 ||    36
       Ice Form          |       |       |     4 |    61 |    36 |       |       |       ||   101
       Dragon Form       |       |       |       |       |    94 |   113 |   106 |       ||   313
       Irradiate         |       |       |       |       |       |    12 |     2 |    12 ||    26
       Statue Form       |       |       |       |       |       |       |    11 |    81 ||    92
Invok: Slouch            |       |       |       |       |     9 |     3 |    21 |     2 ||    35
       Step From Time    |       |       |       |       |     1 |    10 |     6 |     9 ||    26
 Abil: Breathe Fire      |       |       |       |       |     1 |       |     1 |       ||     2
Evoke: Wand              |       |     1 |    14 |     5 |       |     2 |     2 |       ||    24
  Use: Scroll            |       |    10 |     5 |     7 |    14 |    16 |    13 |     6 ||    71
       Potion            |       |     3 |     2 |     8 |     6 |     8 |    14 |    10 ||    51
 Stab: Sleeping          |     3 |    13 |     3 |     8 |    11 |    11 |     8 |     1 ||    58
       Distracted        |       |       |       |     2 |     2 |     1 |     2 |     2 ||     9
       Invisible         |       |       |       |       |       |       |       |     1 ||     1
Armor: Skin              |     4 |    33 |    90 |   158 |   191 |   230 |   160 |   192 ||  1058
Dodge: Dodged            |    65 |    93 |   216 |   345 |   512 |   749 |   692 |  1006 ||  3678
Block: Other             |       |       |       |       |    39 |   191 |   153 |    92 ||   475
       Reflection        |       |       |       |       |     6 |    19 |    16 |    11 ||    52
       Buckler           |       |       |       |       |       |       |       |   282 ||   282
       Kite shield       |       |       |       |       |       |       |       |   150 ||   150
       Tower shield      |       |       |       |       |       |       |       |   110 ||   110

Table legend: (Time is in decaauts)
 A = Elapsed time spent in this place.
 B = Non-inter-level travel time spent in this place.
 C = Inter-level travel time spent in this place.
 D = Time resting spent in this place.
 E = Time spent auto-exploring this place.
 F = Levels seen in this place.
 G = Mean time per level.
                   A        B        C        D        E       F      G
               +--------+--------+--------+--------+--------+-----+--------+
         Total |  95357 |  84620 |  10737 |  18328 |  51918 |  50 | 1907.1 |
       Dungeon |  28763 |  23861 |   4902 |   3696 |  17300 |  15 | 1917.5 |
        Temple |    213 |    190 |     23 |      0 |    187 |   1 |  213.0 |
          Lair |  15420 |  13708 |   1712 |   2009 |   9900 |   6 | 2570.0 |
         Swamp |   7071 |   6878 |    193 |   1615 |   4049 |   4 | 1767.8 |
     Snake Pit |  10318 |   9222 |   1096 |   2136 |   5753 |   4 | 2579.5 |
    Slime Pits |   6070 |   5582 |    488 |   3141 |   1014 |   5 | 1214.0 |
  Orcish Mines |   2278 |   2009 |    269 |      0 |   1678 |   2 | 1139.0 |
   Elven Halls |   7600 |   7226 |    374 |   1809 |   3924 |   3 | 2533.3 |
        Vaults |    860 |    860 |      0 |      8 |    397 |   1 |  860.0 |
        Depths |  13086 |  11438 |   1648 |   2954 |   6486 |   4 | 3271.5 |
           Zot |   1848 |   1820 |     28 |    707 |    174 |   3 |  616.0 |
         Abyss |    537 |    537 |      0 |     62 |    258 |   1 |  537.0 |
    Desolation |   1287 |   1287 |      0 |    188 |    794 |   1 | 1287.0 |
               +--------+--------+--------+--------+--------+-----+--------+

Top non-repeatable levels by time:
Depths:2: 4493 daAuts
   Elf:3: 4391 daAuts
 Snake:4: 3971 daAuts
Depths:3: 3542 daAuts
    D:14: 3485 daAuts
  Lair:5: 2979 daAuts
  Lair:1: 2974 daAuts
  Lair:6: 2817 daAuts
Depths:4: 2771 daAuts
     D:8: 2744 daAuts
    D:15: 2694 daAuts
  Lair:4: 2563 daAuts
    D:11: 2530 daAuts
 Swamp:3: 2407 daAuts
 Snake:3: 2396 daAuts
